 Dungeon Crawl Stone Soup version 0.24.0-1-gfbc8707 (webtiles) character file.

Game seed: 17367764324520501255, levelgen mode: deterministic

610894 MacrostheBlack the Impregnable (level 26, -4/367 (379) HPs)
             Began as a Troll Fighter on Nov 4, 2019.
             Was the Champion of Okawaru.
             Slain by a bennu (6 damage)
             ... on level 2 of the Tomb of the Ancients.
             The game lasted 05:23:06 (61301 turns).

MacrostheBlack the Impregnable (Troll Fighter)     Turns: 61301, Time: 05:23:09

HP:   -4/367 (379)  AC: 44    Str: 44    XL:     26   Next: 76%
MP:   21/26         EV: 14    Int:  7    God:    Okawaru [******]
Gold: 5191          SH:  0    Dex:  9    Spells: 25/25 levels left

rFire    + . .     SeeInvis +   M - +7 great mace "Undeadhunter" {disrupt, rN+}
rCold    + + .     Gourm    +   (shield currently unavailable)
rNeg     + + +     Faith    .   O - +12 gold dragon scales
rPois    +         Spirit   .   P - +2 hat {MR+}
rElec    +         Reflect  .   Y - scarf {repulsion}
rCorr    .         Harm     .   (gloves unavailable)
MR       +++++     Clarity  +   (boots unavailable) Stlth ..........NoTele +
                                Z - amulet of the Four Winds {rN+ MR+++ Clar}
HPRegen  1.11/turn              E - ring of Norepan {rElec MR+++ SInv Stlth-}
MPRegen  0.20/turn              X - ring "Fuzos" {-Tele rC+ rN+ Int+3 Slay+2}

@: berserking (expiring), lethally poisoned (-4 -> -7), heroism, hasted and
slowed, studying 2 skills, silenced, repel missiles
A: large, unfitting armour, claws 3, see invisible, fast metabolism 3, frail 1,
gourmand, low mp 1, regeneration 1, screaming 1, shaggy fur 1, tough skin 3
}: 3/15 runes: serpentine, barnacled, silver
a: Renounce Religion


You were on level 2 of the Tomb of the Ancients.
You worshipped Okawaru.
Okawaru was exalted by your worship.
You were not hungry.

You visited 11 branches of the dungeon, and saw 50 of its levels.
You visited 1 bazaar.
You also visited: Bailey, Gauntlet, Volcano and Desolation.

You collected 10450 gold pieces.
You spent 5259 gold pieces at shops.

Inventory:

Hand Weapons
 u - a +9 eveningstar of draining
 M - the +7 great mace "Undeadhunter" (weapon) {disrupt, rN+}
   (You found it on level 3 of the Elven Halls)

   It protects you from negative energy.
 N - the +8 dire flail of Mexet {crush, rElec Str-3 Dex+8 Stlth-}
   (Okawaru gifted it to you on level 3 of the Crypt)

   It inflicts extra damage upon your enemies.
   It affects your strength (-3).
   It affects your dexterity (+8).
   It insulates you from electricity.
   It makes you less stealthy.
Missiles
 x - 61 javelins (quivered)
 R - 115 silver javelins
Armour
 h - a scarf of cloud immunity
 q - a +8 large shield of positive energy
 y - the +4 cloak "Uzoh" {rF- Regen+ rCorr Int-2}
   (You found it on level 3 of the Crypt)

   It affects your intelligence (-2).
   It makes you vulnerable to fire.
   It increases your rate of regeneration.
   It provides partial protection from all sources of acid and corrosion.
 A - the +0 robe of Sin {rF+++ Int+3 Dex-4}
   (Okawaru gifted it to you on level 3 of the Depths)

   It affects your intelligence (+3).
   It affects your dexterity (-4).
   It renders you almost immune to fire.
 O - +12 gold dragon scales (worn)
 P - a +2 hat of magic resistance (worn)
 Y - a scarf of repulsion (worn)
Jewellery
 E - the ring of Norepan (left claw) {rElec MR+++ SInv Stlth-}
   (You took it off an imperial myrmidon in the Desolation of Salt)

   [ring of attention]

   It insulates you from electricity.
   It affects your resistance to hostile enchantments.
   It lets you see invisible.
   It makes you less stealthy.
 X - the ring "Fuzos" (right claw) {-Tele rC+ rN+ Int+3 Slay+2}
   (You found it on level 4 of the Lair of Beasts)

   [ring of positive energy]

   It affects your intelligence (+3).
   It affects your accuracy and damage with ranged weapons and melee attacks
   (+2).
   It protects you from cold.
   It protects you from negative energy.
   It prevents most forms of teleportation.
 Z - the amulet of the Four Winds (around neck) {rN+ MR+++ Clar}
   (You found it in a Gauntlet)

   [amulet of nothing]

   It protects you from negative energy.
   It affects your resistance to hostile enchantments.
   It protects you against confusion.
Wands
 c - a wand of digging (13)
Scrolls
 a - 12 scrolls of blinking
 b - a scroll of amnesia
 e - 23 scrolls of teleportation
 g - 5 scrolls of summoning
 j - 2 scrolls of holy word
 m - 9 scrolls of immolation
 p - 7 scrolls of magic mapping
 s - 13 scrolls of enchant weapon
 t - 25 scrolls of remove curse
 w - 6 scrolls of fog
 B - a scroll of brand weapon
 C - 2 scrolls of vulnerability
 D - 15 scrolls of identify
 J - 4 scrolls of silence
 L - 11 scrolls of fear
Potions
 d - 3 potions of might
 i - 6 potions of agility
 k - 13 potions of brilliance
 l - 39 potions of curing
 r - 10 potions of heal wounds
 z - 6 potions of flight
 F - 3 potions of berserk rage
 G - a potion of ambrosia
 H - 4 potions of magic
 I - 14 potions of haste
 K - 7 potions of mutation
 T - 6 potions of resistance
 U - 15 potions of lignification
 V - 5 potions of invisibility
 W - 5 potions of cancellation
Books
 v - a manual of Unarmed Combat
 Q - a manual of Axes
Miscellaneous
 n - 2 boxes of beasts
 o - a lightning rod (4/4)
 S - 4 phantom mirrors
Comestibles
 f - 71 rations


   Skills:
 + Level 19.7(24.7) Fighting
 * Level 18.0(23.0) Maces & Flails
 + Level 22.1(27) Armour
 + Level 14.4(19.4) Dodging
 - Level 0.7(5.7) Stealth
 - Level 15.0(20.0) Shields
 - Level 10.0 Invocations


You had 25 spell levels left.
You didn't know any spells.
Your spell library contained the following spells:

 Spells                   Type           Power        Failure   Level  Hunger
 Animate Skeleton         Necr           N/A          83%         1    ##.....
 Apportation              Tloc           #.....       83%         1    ##.....
 Confusing Touch          Hex            #.....       83%         1    ##.....
 Corona                   Hex            #......      83%         1    ##.....
 Flame Tongue             Conj/Fire      #....        83%         1    ##.....
 Freeze                   Ice            #...         83%         1    ##.....
 Infusion                 Chrm           #...         83%         1    ##.....
 Pain                     Necr           #...         83%         1    ##.....
 Sandblast                Erth           #.....       83%         1    ##.....
 Shock                    Conj/Air       #...         83%         1    ##.....
 Sting                    Conj/Pois      #...         83%         1    ##.....
 Summon Butterflies       Summ           #.......     83%         1    ##.....
 Summon Small Mammal      Summ           #...         83%         1    ##.....
 Blink                    Tloc           N/A          92%         2    ###....
 Call Imp                 Summ           #.......     92%         2    ###....
 Corpse Rot               Necr           N/A          92%         2    ###....
 Ensorcelled Hibernation  Hex/Ice        #.....       92%         2    ###....
 Passwall                 Tmut/Erth      #.......     92%         2    ###....
 Poisonous Vapours        Pois/Air       #.....       92%         2    ###....
 Shroud of Golubria       Chrm/Tloc      #.....       92%         2    ###....
 Slow                     Hex            #.......     92%         2    ###....
 Song of Slaying          Chrm           #.......     92%         2    ###....
 Sublimation of Blood     Necr           #.........   92%         2    ###....
 Swiftness                Chrm/Air       #.......     92%         2    ###....
 Throw Flame              Conj/Fire      #.....       92%         2    ###....
 Throw Frost              Conj/Ice       #.....       92%         2    ###....
 Call Canine Familiar     Summ           #.......     99%         3    ####...
 Confuse                  Hex            #.......     99%         3    ####...
 Conjure Flame            Conj/Fire      #.......     99%         3    ####...
 Dazzling Spray           Conj/Hex       #.....       99%         3    ####...
 Gell's Gravitas          Tloc           #.........   99%         3    ####...
 Ignite Poison            Fire/Tmut/Pois #.......     99%         3    ####...
 Inner Flame              Hex/Fire       #.......     99%         3    ####...
 Lesser Beckoning         Tloc           #.........   99%         3    ####...
 Mephitic Cloud           Conj/Pois/Air  #.......     99%         3    ####...
 Ozocubu's Armour         Chrm/Ice       #.......     99%         3    ####...
 Portal Projectile        Hex/Tloc       #.....       99%         3    ####...
 Regeneration             Chrm/Necr      #.........   99%         3    ####...
 Spectral Weapon          Hex/Chrm       #.......     99%         3    ####...
 Static Discharge         Conj/Air       #.......     99%         3    ####...
 Stone Arrow              Conj/Erth      #.....       99%         3    ####...
 Summon Guardian Golem    Hex/Summ       #.......     99%         3    ####...
 Tukima's Dance           Hex            #.......     99%         3    ####...
 Vampiric Draining        Necr           #.........   99%         3    ####...
 Airstrike                Air            #.........   100%        4    #####..
 Animate Dead             Necr           N/A          100%        4    #####..
 Cause Fear               Hex            #.........   100%        4    #####..
 Fulminant Prism          Conj/Hex       #.........   100%        4    #####..
 Ice Form                 Ice/Tmut       #.......     100%        4    #####..
 Iskenderun's Mystic Bla  Conj           #.......     100%        4    #####..
 Leda's Liquefaction      Hex/Erth       #.........   100%        4    #####..
 Olgreb's Toxic Radiance  Pois           #.......     100%        4    #####..
 Passage of Golubria      Tloc           N/A          100%        4    #####..
 Petrify                  Tmut/Erth      #.......     100%        4    #####..
 Sticky Flame             Conj/Fire      #.......     100%        4    #####..
 Summon Ice Beast         Ice/Summ       #.......     100%        4    #####..
 Summon Lightning Spire   Summ/Air       #.......     100%        4    #####..
 Throw Icicle             Conj/Ice       #.......     100%        4    #####..
 Agony                    Necr           #.......     100%        5    ######.
 Bolt of Draining         Conj/Necr      #.........   100%        5    ######.
 Bolt of Magma            Conj/Fire/Erth #.........   100%        5    ######.
 Dispel Undead            Necr           #.......     100%        5    ######.
 Excruciating Wounds      Chrm/Necr      #.........   100%        5    ######.
 Fireball                 Conj/Fire      #.........   100%        5    ######.
 Irradiate                Conj/Tmut      #.........   100%        5    ######.
 Iskenderun's Battlesphe  Conj/Chrm      #.......     100%        5    ######.
 Lee's Rapid Deconstruct  Erth           #.........   100%        5    ######.
 Lightning Bolt           Conj/Air       #.........   100%        5    ######.
 Metabolic Englaciation   Hex/Ice        #.........   100%        5    ######.
 Silence                  Hex/Air        #.........   100%        5    ######.
 Summon Forest            Summ/Tloc      #.........   100%        5    ######.
 Summon Mana Viper        Hex/Summ       #.......     100%        5    ######.
 Venom Bolt               Conj/Pois      #.........   100%        5    ######.
 Yara's Violent Unravell  Hex/Tmut       #.........   100%        5    ######.
 Bolt of Cold             Conj/Ice       #.........   100%        6    #######
 Bolt of Fire             Conj/Fire      #.........   100%        6    #######
 Deflect Missiles         Chrm/Air       #.........   100%        6    #######
 Freezing Cloud           Conj/Ice/Air   #.........   100%        6    #######
 Hydra Form               Tmut           #.........   100%        6    #######
 Iron Shot                Conj/Erth      #.........   100%        6    #######
 Ozocubu's Refrigeration  Ice            #.........   100%        6    #######
 Poison Arrow             Conj/Pois      #.........   100%        6    #######
 Simulacrum               Ice/Necr       #.........   100%        6    #######
 Statue Form              Tmut/Erth      #........    100%        6    #######
 Dragon Form              Tmut           #.........   100%        7    #######
 Malign Gateway           Summ/Tloc      #.........   100%        7    #######
 Orb of Destruction       Conj           #.........   100%        7    #######
 Ring of Flames           Chrm/Fire      #.........   100%        7    #######
 Spellforged Servitor     Conj/Summ      #.........   100%        7    #######
 Summon Hydra             Summ           #.........   100%        7    #######
 Chain Lightning          Conj/Air       #.........   100%        8    #######
 Discord                  Hex            #.........   100%        8    #######
 Disjunction              Tloc           #.........   100%        8    #######
 Ignition                 Fire           #.........   100%        8    #######
 Lehudib's Crystal Spear  Conj/Erth      #.........   100%        8    #######
 Dragon's Call            Summ           #.........   100%        9    #######
 Fire Storm               Conj/Fire      #.........   100%        9    #######
 Glaciate                 Conj/Ice       #.........   100%        9    #######


Dungeon Overview and Level Annotations

Branches:
Dungeon (15/15)            Temple (1/1) D:5            Lair (6/6) D:9
 Shoals (4/4) Lair:4        Snake (4/4) Lair:3        Slime (0/5) Lair:5
    Orc (2/2) D:12            Elf (3/3) Orc:2        Vaults (5/5) D:13
  Crypt (3/3) Vaults:3       Tomb (2/3) Crypt:3      Depths (5/5) D:15
    Zot (0/5) Depths:5     Bailey (visited)         Volcano (visited)
Desolation (visited)      Gauntlet (visited)

Altars:
Ashenzari
Cheibriados
Dithmenos
Elyvilon
Fedhas
Gozag
Hepliaklqana
Kikubaaqudgha
Makhleb
Nemelex Xobeh
Okawaru
Qazlal
Ru
Sif Muna
Trog
Uskayaw
Vehumet
Wu Jian
Xom
Yredelemnul
Zin
The Shining One
Beogh
Jiyva

Shops:
D:4 %   D:7 %   D:9 [   D:10 !   D:12 *[*}   D:14 (   D:15 ?(%*}   Orc:2 [:*(
Elf:1 (   Elf:2 *!?!   Elf:3 [   Shoals:2 [   Snake:1 [}!}   Snake:2 (
Snake:3 *   Vaults:4 =   Depths:2 [   Depths:3 !

Portals:
Hell: Depths:1 Depths:2 Depths:3 Depths:4 Depths:5
Abyss: Depths:3 Depths:4
Pandemonium: Depths:3
Ziggurat: Depths:5

Annotations:
Tomb:2 Mennas


Innate Abilities, Weirdness & Mutations

You are too large for most types of armour.
You have claws for hands.
Your metabolism is lightning-fast.
You like to eat raw meat.
Your natural rate of healing is unusually fast.
You are covered in fur. (AC +1)
You have extremely tough skin. (AC +3)
You have supernaturally acute eyesight. (SInv)
You are frail. (-10% HP)
Your magical capacity is low. (-10% MP)
You occasionally shout uncontrollably at your foes.


Message History

You hear a hideous shriek! x2
You beat the guardian mummy like a drum!!!!
You destroy the guardian mummy!
Okawaru accepts your kill.
You feel extremely nervous for a moment...
You convulse helplessly as pain tears through your body!
* * * LOW HITPOINT WARNING * * *
You are engulfed in dark miasma.
* * * LOW HITPOINT WARNING * * *
You feel sick. The death scarab closely misses you. The bennu pecks you!
* * * LOW HITPOINT WARNING * * *
The bennu claws you but does no damage. The bennu misses you.
The spectral fire dragon fails to trigger a net trap.
Mennas gestures frantically.
Mennas's surroundings become eerily quiet.
The skeletal warrior misses you.
A mummy comes into view.
The orange demon stings you but does no damage.
The bennu pecks you.
You die...

*,,,,,*,,,,........##...,,,,,*,,
*,,,,,*,..,,.........Z..,,,,,*,,
*,,,,,*,^..,,..........,,,,,,+,,
*,,,,,*,....*#.......#*,.,,,,***
*,,,,,*,....##.....MV##..,,,,*,,
***+***,,#........MW.M...,,,,*,,
*,,,,,*,##.....MM...1....,,,,*,,
*,,,,,*,#....M3.b.L......,,,,*,,
*,,,,,*,.....Ms@M8W☼M8...,,,,*,,
*,,,,,*,.....4Mszns......,,*,*,,
*,,,,<*,.......ssM...Z...,**,*,,
*,,,,,*,....s..s.s.......,*,,*,,
*,,,,,*,....##..A..M.##..,,,,*,,
*,,,,,*,....*#.....M.#*,.,,,,*,,
*,,,,,*,...,,M.s..M..VV,,,,,,*,,
*,,,,,*,..,,.s......ZZM,,,,,,*,,
***+***,<,,,,,**,,,,,,,,,,,,,***


You could see 5 greater mummies, Mennas, a Hell Sentinel, a lich, a bennu, 3
mummy priests, a skeletal warrior, a jiangshi, a shadow wraith (invisible), an
orange demon, 3 guardian mummies, 2 ushabtiu, a spectral fire dragon, a spectral
frost giant, a hungry ghost, a neqoxec, 2 vampires, 10 death scarabs, a
necrophage, 5 mummies, an emperor scorpion zombie and a human skeleton.

Vanquished Creatures
  Khufu (Crypt:2)
  5 ancient liches
  A juggernaut (Depths:2)
  Sojobo (Depths:4)
  2 greater mummies
  Frederick (Vaults:2)
  Margery (Depths:3)
  Xtahua (Depths:3)
  3 golden dragons
  the Enchantress (Depths:3)
  2 bone dragons
  Jory (Vaults:2)
  Nikola (Depths:2)
  The ghost of thesequoiad the Thaumaturge, an adept GnWz of Vehumet (Snake:1)
  9 liches
  3 tentacled monstrosities (Vaults:5)
  Jorgrun (Shoals:1)
  Asterion (Vaults:2)
  3 deep elf blademasters
  4 titans
  2 deep elf master archers (Elf:3)
  2 quicksilver dragons
  Polyphemus (Shoals:2)
  2 ancient champions
  12 sphinxes
  A kraken (Shoals:1)
  Kirke (Snake:1)
  Ilsuiw (Shoals:3)
  A draconian monk (Depths:5)
  5 shadow dragons (Vaults:5)
  9 nagarajas
  The ghost of Tuffe the Warrior, an adept FoFi of Okawaru (Snake:3)
  9 tengu reavers
  3 storm dragons
  6 revenants
  Donald (Orc:2)
  The ghost of Ettath the Severer, a journeyman HOFi of Okawaru (Shoals:2)
  3 fire giants
  15 frost giants
  A draconian scorcher (Depths:5)
  14 vault wardens
  4 imperial myrmidons (Desolation)
  An orc warlord (Orc:1)
  7 deep elf sorcerers
  15 ironheart preservers
  A curse skull (Crypt:3)
  Aizul (Shoals:4)
  5 ghouls
  3 deep elf elementalists
  4 spriggan defenders
  16 very ugly things
  23 stone giants
  3 entropy weavers
  A black draconian (Depths:5)
  5 vampire knights
  2 war gargoyles (Crypt:3)
  10 deep elf demonologists
  A white draconian (Depths:5)
  Azrael (Elf:2)
  2 bennus
  2 yellow draconians (Depths:5)
  A halazid warlock (Desolation)
  A red draconian (Volcano)
  2 green draconians (Depths:5)
  4 dire elephants (Lair:6)
  8 deep elf annihilators
  A minotaur (Gauntlet)
  A blizzard demon (Depths:3)
  6 spark wasps
  4 mummy priests (Tomb:1)
  9 merfolk javelineers
  6 deep elf death magi
  13 ettins
  2 crystal guardians
  13 ragged hierophants (Desolation)
  The ghost of Despondentz the Covert, a journeyman DEEn of Dithmenos (Lair:3)
  4 jiangshi
  7 ogre magi
  2 deep elf high priests (Elf:3)
  7 merfolk impalers
  12 fire dragons
  The ghost of DadFather the Archer, a journeyman CeHu of Okawaru (D:11)
  8 great orbs of eyes
  Erolcha (Orc:2)
  26 vault guards
  17 yaktaur captains
  A quicksilver dragon skeleton (Depths:3)
  6 servants of whispers (Desolation)
  18 ice dragons
  6 rakshasas
  9 hydras
  8 peacekeepers (Desolation)
  15 naga warriors
  2 merfolk avatars (Shoals:3)
  2 catoblepae
  7 anacondas
  5 spriggan air magi
  3 satyrs
  A merfolk aquamancer (Shoals:4)
  18 two-headed ogres
  3 death knights
  10 death scarabs (Tomb:1)
  9 centaur warriors
  26 dancing weapons
  3 tengu warriors
  A death yak (shapeshifter) (Vaults:5)
  3 hell hogs (Depths:3)
  3 spriggan berserkers
  4 death yaks (Shoals:3)
  5 deep troll shamans
  A titan zombie (Crypt:3)
  2 orc high priests
  8 deep troll earth magi
  3 vampire magi
  11 naga sharpshooters
  Urug (Orc:2)
  12 shock serpents
  A titan skeleton (Crypt:3)
  Sonja (Lair:4)
  18 deep elf knights
  2 storm dragon zombies (Crypt:2)
  An iron troll (Depths:1)
  10 hell knights
  2 salamander mystics
  A fire crab (shapeshifter) (Depths:5)
  A ghost moth zombie (Crypt:2)
  4 shadow wraiths
  32 skeletal warriors
  A spark wasp zombie (Crypt:1)
  4 unseen horrors (D:14)
  6 glowing orange brains
  A spriggan druid (Depths:1)
  25 deep trolls
  14 sea snakes
  3 golden dragon zombies
  An entropy weaver zombie (Crypt:1)
  15 deep elf archers
  A wolf spider zombie (Tomb:1)
  4 flayed ghosts
  A shadow dragon zombie (Crypt:2)
  A golden dragon skeleton (Crypt:3)
  9 naga ritualists
  12 wizards
  Pikel (D:5)
  13 phantasmal warriors
  A lindwurm (Lair:2)
  25 ironbrand convokers
  8 orc knights
  11 necromancers
  An obsidian statue (Snake:3)
  A sphinx zombie (Depths:4)
  The ghost of Guenter the Chopper, a novice DsGl of Okawaru (D:6)
  18 fauns
  38 harpies
  60 deep elf magi
  8 mana vipers
  6 human zombies
  22 manticores
  2 stone giant zombies
  68 ugly things
  A frost giant zombie (Crypt:1)
  3 orc sorcerers (Orc:2)
  6 wolf spiders
  2 shining eyes (shapeshifter)
  A shadow dragon skeleton (Crypt:2)
  8 cyclopes
  31 black mambas
  A moth of wrath (shapeshifter) (Vaults:4)
  7 salamanders
  8 merfolk sirens
  A moth of wrath (Snake:1)
  2 cyclopes (shapeshifter)
  5 guardian serpents
  A spectral alligator snapping turtle (Shoals:2)
  7 elephants
  4 human skeletons
  An elephant (shapeshifter) (Vaults:5)
  3 stone giant skeletons
  3 molten gargoyles
  11 vault sentinels
  7 water nymphs
  3 guardian serpents (shapeshifter)
  3 ice statues
  28 naga magi
  9 fire giant skeletons
  A titan simulacrum (Depths:3)
  5 gargoyles
  4 black mambas (shapeshifter)
  A spiny frog (shapeshifter) (Vaults:4)
  10 spiny frogs
  2 dire elephant skeletons
  3 efreet
  12 komodo dragons
  53 yaktaurs
  A ghost moth simulacrum (Tomb:1)
  An alligator snapping turtle skeleton (Crypt:2)
  4 rime drakes
  3 kobold demonologists
  12 freezing wraiths
  A golden dragon simulacrum (Crypt:2)
  19 guardian mummies
  A harpy zombie (Crypt:1)
  6 ice devils
  A queen bee (shapeshifter) (Vaults:5)
  A grey draconian skeleton (Crypt:2)
  A yaktaur skeleton (Vaults:1)
  2 tengu conjurers (Depths:4)
  9 polar bears
  A troll (shapeshifter) (Vaults:3)
  A meliai (shapeshifter) (Vaults:2)
  62 saltlings (Desolation)
  23 merfolk
  A shadow dragon simulacrum (Crypt:2)
  A bog body (Crypt:1)
  4 trolls
  A jumping spider (Vaults:2)
  7 wind drakes
  A wolf spider simulacrum (D:15)
  6 hornets
  17 slime creatures
  3 spectral merfolk (Shoals:2)
  13 blink frogs
  A dream sheep (shapeshifter) (Depths:2)
  A hydra skeleton (Crypt:3)
  A raiju (Gauntlet)
  23 dream sheep
  Prince Ribbit (D:7)
  10 snapping turtles
  A snapping turtle (shapeshifter) (Depths:5)
  A fire giant simulacrum (Vaults:3)
  An iron dragon simulacrum (Depths:4)
  16 hippogriffs
  A stone giant simulacrum (Vaults:5)
  2 air elementals
  An ettin skeleton (Crypt:1)
  4 spriggans
  Sigmund (D:4)
  A fire dragon zombie (Crypt:3)
  9 flying skulls
  4 shadows
  An ice dragon skeleton (Crypt:3)
  A spriggan simulacrum (Depths:4)
  6 redbacks
  6 ushabtiu (Tomb:1)
  A satyr skeleton (Crypt:2)
  6 wraiths
  5 wyverns
  9 water elementals
  2 fire bats (Volcano)
  An elf skeleton (Vaults:5)
  A human (shapeshifter) (D:15)
  9 fire dragon skeletons (Crypt:3)
  29 yaks
  A basilisk (Lair:1)
  A fire bat (shapeshifter) (Vaults:5)
  A hog (shapeshifter) (Depths:4)
  A basilisk (shapeshifter) (Vaults:4)
  7 fire elementals
  A sea snake simulacrum (Shoals:2)
  A steam dragon (Gauntlet)
  A redback simulacrum (D:15)
  2 human simulacra (Vaults:1)
  2 hungry ghosts
  Menkaure (D:5)
  A harpy simulacrum (Shoals:2)
  A glowing shapeshifter zombie (Crypt:1)
  Edmund (D:5)
  2 infernal demonspawn zombies
  A warg (shapeshifter) (Vaults:5)
  7 wargs
  41 nagas
  5 acid dragons
  17 hell hounds
  A spectral snapping turtle (Shoals:2)
  8 water moccasins
  14 ice beasts
  7 porcupines
  40 orc warriors
  A snapping turtle zombie (Crypt:1)
  2 slaves (D:5)
  2 black bears
  A spiny frog skeleton (Crypt:1)
  A black bear (shapeshifter) (Vaults:2)
  2 phantoms
  2 sky beasts
  An ice dragon simulacrum (Crypt:2)
  16 boggarts
  5 necrophages
  20 ogres
  15 wolves
  8 centaurs
  A swamp dragon skeleton (Crypt:1)
  7 crocodiles
  An elf simulacrum (Depths:3)
  A wind drake simulacrum (Shoals:2)
  An elf zombie (Crypt:3)
  A rime drake skeleton (Crypt:1)
  3 big kobolds
  8 gnoll sergeants (Bailey)
  13 bullfrogs
  2 earth elementals
  2 merfolk simulacra (Shoals:2)
  A wyvern skeleton (D:7)
  A raiju zombie (Crypt:2)
  2 scorpions
  2 snapping turtle simulacra
  11 wights
  14 killer bees
  3 electric eels
  3 howler monkeys
  5 lava snakes (Volcano)
  7 crimson imps
  3 centaur zombies
  2 bullfrog zombies
  8 hounds
  6 gnoll shamans (Bailey)
  20 orc priests
  4 centaur skeletons
  An iron imp (Depths:5)
  2 iguanas
  19 orc wizards
  2 worker ants
  A deep dwarf zombie (Crypt:1)
  A hound skeleton (D:8)
  30 mummies
  A worker ant zombie (D:10)
  18 gnolls
  8 adders
  6 white imps
  An iguana zombie (Crypt:2)
  An adder zombie (D:8)
  4 worms
  6 leopard geckos
  92 orcs
  A ball python (D:3)
  6 bats
  4 giant cockroaches
  11 goblins
  7 hobgoblins
  7 jackals
  12 kobolds
  4 quokkas
  4 frilled lizards
  A gnoll skeleton (Crypt:1)
  A goblin zombie (Crypt:1)
  3 hobgoblin zombies (D:8)
  A jackal skeleton (D:7)
  An orc zombie (D:8)
  A quokka zombie (D:5)
  4 rats
  4 plants (Lair:6)
  2 tentacles (Shoals:1)
2305 creatures vanquished.

Vanquished Creatures (others)
  An ironheart preserver (Vaults:2)
  A crystal guardian (Vaults:5)
  2 deep elf death magi
  A satyr (Shoals:3)
  A dancing weapon (Elf:2)
  3 deep elf knights
  A deep elf archer (Vaults:2)
  2 deep elf magi
  A black mamba (Snake:1)
  A yaktaur (Vaults:4)
  A shadow (Vaults:3)
  2 humans (Snake:1)
  An ogre (Vaults:5)
  2 electric eels (D:13)
  2 orc wizards
  4 ball lightnings (Snake:1)
  An orc (Orc:1)
  2 demonic plants (Gauntlet)
  5 fungi
  107 plants
  4 tentacles (Shoals:1)
  3 withered plants (Crypt:3)
148 creatures vanquished.

Grand Total: 2453 creatures vanquished

Notes
Turn   | Place    | Note
-------+----------+-------------------------------------------
     0 | D:1      | MacrostheBlack the Troll Fighter began the quest for the
                  | Orb.
     0 | D:1      | Reached XP level 1. HP: 22/22 MP: 0/0
    80 | D:1      | Reached XP level 2. HP: 29/29 MP: 1/1
   476 | D:2      | Reached XP level 3. HP: 36/36 MP: 2/2
   963 | D:2      | Reached XP level 4. HP: 44/44 MP: 3/3
  1442 | D:3      | Found a faded altar of an unknown god.
  1474 | D:3      | Found a shimmering blue altar of Sif Muna.
  1585 | D:3      | Found a shadowy altar of Dithmenos.
  1655 | D:3      | Reached XP level 5. HP: 49/50 MP: 4/4
  2048 | D:4      | Reached skill level 5 in Maces & Flails
  2226 | D:4      | Found Hechyn Qumu's Food Shop.
  2226 | D:4      | Noticed Sigmund
  2227 | D:4      | Noticed an ogre
  2245 | D:4      | Killed Sigmund
  2245 | D:4      | Reached XP level 6. HP: 7/59 MP: 5/5
  2686 | D:4      | Found a white marble altar of Elyvilon.
  3164 | D:5      | Entered Level 5 of the Dungeon
  3168 | D:5      | Found a staircase to the Ecumenical Temple.
  3177 | Temple   | Entered the Ecumenical Temple
  3439 | Temple   | Became a worshipper of Warmaster Okawaru
  3551 | D:5      | Reached XP level 7. HP: 57/66 MP: 6/6
  3624 | D:5      | Noticed Edmund
  3649 | D:5      | Killed Edmund
  4073 | D:5      | Found an ornate altar of the Wu Jian Council.
  4173 | D:5      | Found a hazy altar of Hepliaklqana.
  4173 | D:5      | Noticed Menkaure
  4262 | D:6      | Found a snail-covered altar of Cheibriados.
  4262 | D:6      | Found a stormy altar of Qazlal.
  4263 | D:6      | Found a hide-covered altar of Uskayaw.
  4773 | D:5      | Found a blossoming altar of Fedhas.
  4781 | D:5      | Killed Menkaure
  4781 | D:5      | Reached XP level 8. HP: 26/75 MP: 7/7
  4843 | D:6      | Found a runed translucent door.
  4844 | D:6      | Noticed Guenter's ghost (novice DsGl)
  4854 | D:6      | Noticed Pikel
  4933 | D:5      | Killed Pikel
  4933 | D:5      | Reached * piety under Okawaru
  4956 | D:6      | Found a shimmering altar of Xom.
  5006 | D:7      | Found Vumavic's Food Shop.
  5270 | D:7      | Reached ** piety under Okawaru
  5464 | D:7      | Reached XP level 9. HP: 84/85 MP: 8/8
  5654 | D:7      | Noticed Prince Ribbit
  5684 | D:7      | Killed Prince Ribbit
  5966 | D:7      | Found a sacrificial altar of Ru.
  6525 | D:8      | Reached *** piety under Okawaru
  6525 | D:8      | Reached skill level 5 in Dodging
  6535 | D:8      | Reached skill level 5 in Fighting
  6873 | D:8      | Reached skill level 10 in Maces & Flails
  7256 | D:9      | Found a staircase to the Lair.
  7257 | D:9      | Noticed a komodo dragon
  7307 | D:9      | Found Ecwasoush's Antique Armour Shop.
  7533 | D:9      | Found a glowing silver altar of Zin.
  7535 | D:9      | Found a burning altar of Makhleb.
  7541 | D:9      | Noticed a green death
  7542 | D:9      | Noticed an angel
  7664 | D:9      | Killed a komodo dragon
  7732 | D:10     | Entered Level 10 of the Dungeon
  7784 | D:10     | Found a flagged portal.
  7805 | Bailey   | Entered a bailey
  7815 | Bailey   | Reached XP level 10. HP: 96/97 MP: 9/9
  8015 | Bailey   | Reached **** piety under Okawaru
  8867 | D:10     | Reached skill level 1 in Armour
  9198 | D:10     | Reached skill level 2 in Armour
  9219 | D:10     | Found Qotwiuv's Distillery.
  9233 | D:10     | Bought a potion of curing for 45 gold pieces
  9233 | D:10     | Bought a potion of resistance for 150 gold pieces
  9233 | D:10     | Bought a potion of berserk rage for 75 gold pieces
  9233 | D:10     | Bought a potion of berserk rage for 75 gold pieces
  9233 | D:10     | Bought a potion of haste for 150 gold pieces
  9233 | D:10     | Bought a potion of lignification for 45 gold pieces
  9233 | D:10     | Bought 2 potions of curing for 90 gold pieces
  9233 | D:10     | Bought a potion of invisibility for 120 gold pieces
  9233 | D:10     | Bought 2 potions of brilliance for 120 gold pieces
  9233 | D:10     | Bought 2 potions of curing for 90 gold pieces
  9233 | D:10     | Bought a potion of cancellation for 120 gold pieces
  9490 | Lair:1   | Entered Level 1 of the Lair of Beasts
  9528 | D:9      | Reached ***** piety under Okawaru
  9947 | Lair:1   | Noticed a spiny frog
  9966 | Lair:1   | Killed a spiny frog
  9966 | Lair:1   | Reached XP level 11. HP: 88/107 MP: 10/10
 10033 | Lair:1   | Received a gift from Okawaru
 10182 | Lair:1   | Got an ichor-stained trident
 10183 | Lair:1   | Identified the +6 trident of Fury {flame, Str+4} (You found
                  | it on level 1 of the Lair of Beasts)
 10390 | Lair:1   | Reached skill level 3 in Armour
 10602 | Lair:1   | Received a gift from Okawaru
 10866 | Lair:2   | Found a dark tunnel.
 10866 | Lair:2   | Noticed a lindwurm
 10878 | Lair:2   | Killed a lindwurm
 10919 | Volcano  | Entered a volcano
 11283 | Volcano  | Found a burning altar of Makhleb.
 11283 | Volcano  | Noticed a two-headed ogre
 11283 | Volcano  | Noticed a two-headed ogre
 11283 | Volcano  | Noticed an ogre mage
 11283 | Volcano  | Noticed a two-headed ogre
 11291 | Volcano  | Killed a two-headed ogre
 11291 | Volcano  | Reached skill level 4 in Armour
 11293 | Volcano  | Killed a two-headed ogre
 11299 | Volcano  | Killed a two-headed ogre
 11301 | Volcano  | Killed an ogre mage
 11315 | Volcano  | Noticed a red draconian
 11338 | Volcano  | Killed a red draconian
 11338 | Volcano  | Reached XP level 12. HP: 60/119 MP: 9/11
 11351 | Volcano  | Noticed a two-headed ogre
 11364 | Volcano  | Killed a two-headed ogre
 11774 | Lair:2   | Received a gift from Okawaru
 12132 | Lair:2   | Noticed an eight-headed hydra
 12144 | Lair:2   | Killed an eight-headed hydra
 12144 | Lair:2   | Reached skill level 5 in Armour
 12239 | Lair:3   | Received a gift from Okawaru
 12528 | Lair:3   | Received a gift from Okawaru
 12727 | Lair:3   | Found a runed translucent door.
 12727 | Lair:3   | Noticed Despondentz's ghost (journeyman DEEn)
 12862 | Lair:3   | Found a staircase to the Snake Pit.
 12977 | Lair:4   | Noticed Sonja
 12979 | Lair:4   | Found a gate leading to a gauntlet.
 12986 | Gauntlet | Entered a Gauntlet
 12986 | Gauntlet | Found a transporter.
 12997 | Gauntlet | Found a transporter.
 13008 | Gauntlet | Found a transporter.
 13012 | Gauntlet | Found a transporter.
 13016 | Gauntlet | Noticed a catoblepas
 13021 | Gauntlet | Found a transporter.
 13032 | Gauntlet | Found a transporter.
 13042 | Gauntlet | Found a transporter.
 13054 | Gauntlet | Found a runed translucent door.
 13056 | Gauntlet | Found the amulet of Vitality {Regen+ HP+15}
 13056 | Gauntlet | Found a transporter.
 13058 | Gauntlet | Found a runed translucent door.
 13071 | Gauntlet | Found a transporter.
 13085 | Gauntlet | Found the ring of Shadows {Umbra +Inv Stlth+}
 13088 | Gauntlet | Found a transporter.
 13088 | Gauntlet | Found a transporter.
 13107 | Gauntlet | Found a transporter.
 13220 | Gauntlet | Found the amulet of the Four Winds {rN+ MR+++ Clar}
 13220 | Gauntlet | Found a transporter.
 13309 | Gauntlet | Got a fine steel ring
 13318 | Gauntlet | Identified the ring "Buutux" {rC- MR+ Str+4 Dex+3 Stlth+}
                  | (You found it in a Gauntlet)
 13355 | Gauntlet | Identified the +8 great sword "Korph" {flame, rC++ Str-5
                  | Dex+3 Stlth+}
 13355 | Gauntlet | Noticed a minotaur
 13368 | Gauntlet | Killed a minotaur
 13381 | Gauntlet | Identified the Catalogue of the Oath and Companions
 13426 | Lair:4   | Found a staircase to the Shoals.
 13568 | Lair:4   | Reached skill level 6 in Armour
 13659 | Lair:4   | Killed Sonja
 13685 | Lair:4   | Reached XP level 13. HP: 107/128 MP: 12/12
 14066 | Lair:4   | Reached ****** piety under Okawaru
 14817 | Lair:5   | Received a gift from Okawaru
 14981 | Lair:5   | Found a viscous altar of Jiyva.
 14982 | Lair:5   | Found a staircase to the Slime Pits.
 15499 | Lair:6   | Entered Level 6 of the Lair of Beasts
 15864 | Lair:6   | Received a gift from Okawaru
 15886 | Lair:6   | Got a crude giant club {god gift}
 15921 | Lair:6   | Identified the +3 giant club of Lumpu {freeze, Int+5}
                  | (Okawaru gifted it to you on level 6 of the Lair of Beasts)
 16170 | Lair:6   | Reached skill level 7 in Armour
 16474 | Lair:6   | Received a gift from Okawaru
 16478 | Lair:6   | Got a slimy great mace {god gift}
 16484 | Lair:6   | Identified the +6 great mace of Cetemave {crush, rC+}
                  | (Okawaru gifted it to you on level 6 of the Lair of Beasts)
 16841 | Lair:6   | Noticed a dire elephant
 16841 | Lair:6   | Noticed a dire elephant
 16853 | Lair:6   | Killed a dire elephant
 16860 | Lair:6   | HP: 5/131 [dire elephant (26)]
 16866 | Lair:6   | Killed a dire elephant
 16904 | Lair:6   | Noticed a dire elephant
 16911 | Lair:6   | Killed a dire elephant
 16911 | Lair:6   | Reached XP level 14. HP: 59/140 MP: 10/13
 17103 | Lair:6   | Identified 2 scrolls of acquirement
 17480 | Lair:6   | Reached skill level 15 in Maces & Flails
 17661 | Lair:4   | Got a twitching granite ring
 17671 | Lair:4   | Identified the ring "Fuzos" {-Tele rC+ rN+ Int+3 Slay+2}
                  | (You found it on level 4 of the Lair of Beasts)
 17746 | Lair:3   | Killed Despondentz's ghost
 17746 | Lair:3   | Reached skill level 5 in Shields
 18380 | D:6      | Killed Guenter's ghost
 18468 | D:11     | Found a runed translucent door.
 18468 | D:11     | Noticed DadFather's ghost (journeyman CeHu)
 18478 | D:11     | Killed DadFather's ghost
 18478 | D:11     | Received a gift from Okawaru
 18596 | D:11     | Found a hazy altar of Hepliaklqana.
 18731 | D:11     | Found a sacrificial altar of Ru.
 19519 | D:12     | Found a staircase to the Orcish Mines.
 19542 | D:12     | Found Lathaum's Gadget Boutique.
 19744 | D:12     | Found Dalog's Armour Emporium.
 19800 | D:12     | Found Levompoz's Assorted Antiques.
 19808 | D:12     | Bought a scroll of teleportation for 72 gold pieces
 19822 | D:12     | Bought a scroll of magic mapping for 84 gold pieces
 19861 | D:12     | Found Raock's General Store.
 19869 | D:12     | Bought a scroll of teleportation for 42 gold pieces
 19869 | D:12     | Bought 3 scrolls of enchant weapon for 315 gold pieces
 20031 | Orc:1    | Entered Level 1 of the Orcish Mines
 20203 | Orc:2    | Entered Level 2 of the Orcish Mines
 20342 | Orc:2    | Found a staircase to the Elven Halls.
 20365 | Orc:2    | Noticed Urug
 20387 | Orc:2    | Killed Urug
 20598 | Orc:2    | Reached skill level 10 in Fighting
 20599 | Orc:2    | Reached skill level 10 in Dodging
 20679 | Orc:2    | Noticed an orc warlord
 20712 | Orc:1    | Killed an orc warlord
 20743 | Orc:2    | Found a roughly hewn altar of Beogh.
 20748 | Orc:2    | Reached skill level 8 in Armour
 20824 | Orc:2    | Found Efit's Book Boutique.
 20946 | Orc:2    | Noticed Donald
 20965 | Orc:2    | Killed Donald
 21217 | Orc:2    | Found Poucahuv's General Store.
 21227 | Orc:2    | Bought a potion of heal wounds for 65 gold pieces
 21227 | Orc:2    | Bought a scroll of silence for 97 gold pieces
 21227 | Orc:2    | Bought a scroll of enchant armour for 97 gold pieces
 21227 | Orc:2    | Bought a potion of curing for 39 gold pieces
 21236 | Orc:2    | Found Yqaxomedo's Antique Weapon Boutique.
 21362 | Orc:2    | Found Riawolo's Antique Armour Boutique.
 21414 | Orc:2    | Noticed Erolcha
 21425 | Orc:2    | Killed Erolcha
 21713 | Orc:1    | Received a gift from Okawaru
 22265 | D:13     | You fall into a shaft and drop 1 floor!
 22319 | D:14     | Found Suoxto's Antique Weapon Shop.
 22322 | D:14     | Bought a bloodstained great mace for 264 gold pieces
 22322 | D:14     | Identified the cursed +0 great mace of the Poles {protect,
                  | Str+2 Dex+2} (You bought it in a shop on level 14 of the
                  | Dungeon)
 22962 | D:13     | Found the +9 sword of Zonguldrok {reap}
 23210 | D:13     | Found a gate to the Vaults.
 23596 | D:14     | Reached XP level 15. HP: 142/149 MP: 14/14
 23651 | D:14     | Reached XP level 16. HP: 158/158 MP: 15/15
 24214 | D:14     | Received a gift from Okawaru
 24308 | D:15     | Entered Level 15 of the Dungeon
 24308 | D:15     | Found Puschur's Magic Scroll Shop.
 24316 | D:15     | Bought a scroll of enchant armour for 135 gold pieces
 24316 | D:15     | Bought a scroll of enchant armour for 135 gold pieces
 24316 | D:15     | Bought a scroll of fear for 63 gold pieces
 24335 | D:15     | Found Alamea's Food Boutique.
 24338 | D:15     | Found Mich's Assorted Antiques.
 24354 | D:15     | Bought 2 potions of haste for 880 gold pieces
 24354 | D:15     | Bought 2 potions of heal wounds for 440 gold pieces
 24760 | D:15     | Found Boptoov's Gadget Emporium.
 24833 | D:15     | Found Qupaufar's Weapon Shop.
 24965 | D:15     | Received a gift from Okawaru
 24985 | D:15     | Reached skill level 9 in Armour
 25051 | D:15     | Found a staircase to the Depths.
 25370 | Snake:1  | Entered Level 1 of the Snake Pit
 25406 | Snake:1  | Noticed Kirke
 25419 | Snake:1  | Killed Kirke
 25424 | Snake:1  | Reached skill level 1 in Invocations
 25550 | Snake:1  | Found a transporter.
 25846 | Snake:1  | Found Guonaurr's Distillery.
 25846 | Snake:1  | Found Pehy's Gadget Shop.
 25854 | Snake:1  | Found Huvyiwom's Gadget Boutique.
 25859 | Snake:1  | Found Rell's Armour Shop.
 25904 | Snake:1  | Found a transporter.
 25922 | Snake:1  | Noticed thesequoiad's ghost (adept GnWz)
 26486 | Snake:2  | Found Dauwuutin's Antique Weapon Shop.
 27264 | Elf:1    | Entered Level 1 of the Elven Halls
 27276 | Elf:1    | Received a gift from Okawaru
 27873 | Elf:1    | Found Rots's Weapon Boutique.
 28575 | Elf:2    | Reached XP level 17. HP: 168/170 MP: 19/19
 28846 | Elf:2    | Reached skill level 5 in Invocations
 28878 | Elf:2    | Received a gift from Okawaru
 28917 | Elf:2    | Found Oryleeta's Assorted Antiques.
 29029 | Elf:2    | Noticed Azrael
 29073 | Elf:2    | Killed Azrael
 29215 | Elf:2    | Found a runed translucent gate.
 29215 | Elf:2    | Found a runed translucent gate.
 29216 | Elf:2    | Found a runed translucent gate.
 29277 | Elf:2    | Found Muskim's Distillery.
 29288 | Elf:2    | Found Tutaerha's Magic Scroll Emporium.
 29293 | Elf:2    | Bought a scroll of enchant armour for 120 gold pieces
 29293 | Elf:2    | Bought a scroll of enchant armour for 120 gold pieces
 29293 | Elf:2    | Bought a scroll of enchant weapon for 120 gold pieces
 29317 | Elf:2    | Found Saoriov's Distillery.
 29327 | Elf:2    | Reached skill level 10 in Shields
 30065 | Elf:2    | Noticed a deep elf blademaster
 30088 | Elf:2    | Killed a deep elf blademaster
 30358 | Elf:3    | Entered Level 3 of the Elven Halls
 30719 | Elf:3    | Received a gift from Okawaru
 30972 | Elf:3    | Found Exick's Antique Armour Emporium.
 31528 | Elf:3    | Noticed a deep elf blademaster
 31547 | Elf:3    | Killed a deep elf blademaster
 31570 | Elf:3    | Identified the +6 flail of the Walnut {freeze, MR+ Str+2}
 31572 | Elf:3    | Noticed an Ice Fiend
 31577 | Elf:3    | Noticed a Hell Sentinel
 31645 | Elf:3    | Noticed a Brimstone Fiend
 31665 | Elf:3    | Noticed a Hell Sentinel
 31923 | Elf:3    | Noticed a deep elf master archer
 31924 | Elf:3    | Found the +7 great mace "Undeadhunter" {disrupt, rN+}
 31936 | Elf:3    | Killed a deep elf master archer
 32001 | Elf:3    | Noticed an Ice Fiend
 32009 | Elf:3    | Received a gift from Okawaru
 32013 | Elf:3    | Reached XP level 18. HP: 153/179 MP: 14/23
 32020 | Elf:3    | Got a silken robe {god gift}
 32031 | Elf:3    | Identified the +4 robe "Numosakk" {rC+} (Okawaru gifted it
                  | to you on level 3 of the Elven Halls)
 32101 | Elf:3    | Identified the +8 scythe of Diez Cel {antimagic, Dex+2}
 32134 | Elf:3    | Got a scorched lapis lazuli ring
 32136 | Elf:3    | Identified the ring "Zifaxa" {+Fly rC++} (You found it on
                  | level 3 of the Elven Halls)
 32164 | Elf:3    | Got a jewelled cloak
 32175 | Elf:3    | Identified the +1 cloak of Chimes {rPois Int+6} (You found
                  | it on level 3 of the Elven Halls)
 32196 | Elf:3    | Got a jewelled scimitar
 32197 | Elf:3    | Identified the +7 scimitar of Tebemuci {slice, rC- Str+3}
                  | (You found it on level 3 of the Elven Halls)
 32214 | Elf:3    | Identified the +8 longbow of Zin's Castigation {speed,
                  | -Tele +Fly rN+} (You found it on level 3 of the Elven
                  | Halls)
 32707 | Shoals:1 | Entered Level 1 of the Shoals
 32749 | Shoals:1 | Noticed Jorgrun
 32790 | Shoals:1 | Killed Jorgrun
 33582 | Shoals:2 | Found a runed translucent gate.
 33583 | Shoals:2 | Found a runed translucent gate.
 33593 | Shoals:2 | Found a runed translucent gate.
 33662 | Shoals:2 | Noticed Ettath's ghost (journeyman HOFi)
 33693 | Shoals:2 | Killed Ettath's ghost
 33823 | Shoals:2 | Found Zydoas's Antique Armour Shoppe.
 34132 | Shoals:3 | Noticed Ilsuiw
 34208 | Shoals:3 | Killed Ilsuiw
 34416 | Shoals:3 | Noticed Polyphemus
 34667 | Shoals:2 | Killed Polyphemus
 35220 | Shoals:4 | Entered Level 4 of the Shoals
 35302 | Shoals:4 | Reached skill level 10 in Invocations
 35422 | Shoals:4 | Found the +6 arbalest "Damnation" {damnation}
 35622 | Shoals:4 | Received a gift from Okawaru
 35715 | Shoals:4 | Noticed Aizul
 35729 | Shoals:4 | Killed Aizul
 35788 | Shoals:4 | Reached XP level 19. HP: 146/185 MP: 25/25
 35829 | Shoals:4 | Reached skill level 15 in Shields
 35832 | Shoals:4 | Got a barnacled rune of Zot
 36421 | Shoals:4 | Got a blackened halberd
 36422 | Shoals:4 | Identified the cursed +3 halberd "Ohisanif" {chop, rF+
                  | Str-3 Dex+6} (You found it on level 4 of the Shoals)
 37150 | Vaults:1 | Entered Level 1 of the Vaults
 37169 | Vaults:1 | Reached skill level 10 in Armour
 37322 | Vaults:1 | Received a gift from Okawaru
 37709 | Vaults:1 | Reached skill level 11 in Armour
 37908 | Vaults:1 | Received a gift from Okawaru
 38945 | Vaults:1 | Reached skill level 12 in Armour
 39101 | Vaults:2 | Reached XP level 20. HP: 165/198 MP: 18/26
 39171 | Vaults:2 | Received a gift from Okawaru
 39181 | Vaults:2 | Found a flickering gateway to a bazaar.
 39190 | Bazaar   | Entered a bazaar
 39190 | Bazaar   | Found Geagosk's Jewellery Boutique.
 39202 | Bazaar   | Found Qishaxaxt's Antique Weapon Shoppe.
 39213 | Bazaar   | Found Salurhuj's Magic Scroll Boutique.
 39221 | Bazaar   | Bought a scroll of magic mapping for 59 gold pieces
 39221 | Bazaar   | Bought a scroll of blinking for 127 gold pieces
 39224 | Bazaar   | Found Nifaa's Antique Armour Emporium.
 39232 | Bazaar   | Found Nixtal Kupt's General Store.
 39482 | Vaults:2 | Noticed Frederick
 39483 | Vaults:2 | Noticed Jory
 39504 | Vaults:2 | Killed Jory
 39516 | Vaults:2 | Killed Frederick
 39551 | Vaults:2 | Reached skill level 13 in Armour
 39933 | Vaults:2 | Noticed Asterion
 39973 | Vaults:2 | Killed Asterion
 40582 | Vaults:3 | Found a staircase to the Crypt.
 40911 | Vaults:3 | Received a gift from Okawaru
 40971 | Vaults:3 | Got a sheer robe {god gift}
 40982 | Vaults:3 | Identified the +0 robe of Okawaru's Esteem {Dex+4 Slay+3
                  | Stlth+} (Okawaru gifted it to you on level 3 of the Vaults)
 41164 | Vaults:3 | Reached skill level 14 in Armour
 42210 | Vaults:4 | Reached XP level 21. HP: 197/211 MP: 19/27
 42285 | Vaults:4 | Found a ruined gateway.
 42306 | Desolati | Entered the Desolation of Salt
 42401 | Desolati | Received a gift from Okawaru
 42447 | Desolati | Reached skill level 15 in Armour
 42906 | Desolati | Found the +3 pair of gauntlets of War {Slay+5}
 42936 | Desolati | Got a shimmering marble ring
 42942 | Desolati | Identified the ring of Roleogeam {Fire Str+4} (You found it
                  | in the Desolation of Salt)
 43025 | Desolati | Identified the cursed +1 robe "Laru Tyd" {*Drain rCorr
                  | Dex+2} (You found it in the Desolation of Salt)
 43218 | Desolati | Identified the Guide on Conjuration
 43233 | Desolati | Got a fine bone amulet
 43234 | Desolati | Identified the amulet "Tuhecigo" {Spirit +Inv Str+4 SInv}
                  | (You found it in the Desolation of Salt)
 43381 | Desolati | Identified the ring of Norepan {rElec MR+++ SInv Stlth-}
 43400 | Desolati | Identified the +8 great mace of Contradiction {crush, +Fly
                  | rC- Str+4} (You found it in the Desolation of Salt)
 43788 | Vaults:4 | Found Adequant's Jewellery Boutique.
 43800 | Vaults:4 | Reached skill level 16 in Armour
 43817 | Vaults:4 | Received a gift from Okawaru
 43826 | Vaults:4 | Identified the +1 robe of Watchfulness {Int+2} (Okawaru
                  | gifted it to you on level 4 of the Vaults)
 44820 | Vaults:5 | Entered Level 5 of the Vaults
 44896 | Vaults:4 | Reached XP level 22. HP: 139/224 MP: 22/28
 45029 | Vaults:5 | Noticed a golden dragon
 45214 | Vaults:5 | Reached skill level 17 in Armour
 45229 | Vaults:4 | Killed a golden dragon
 45242 | Vaults:4 | Reached skill level 15 in Fighting
 45389 | Vaults:5 | Received a gift from Okawaru
 45578 | Vaults:5 | Noticed a golden dragon
 45615 | Vaults:5 | Killed a golden dragon
 45807 | Vaults:5 | Noticed an ancient lich
 45820 | Vaults:5 | Noticed an ancient lich
 45831 | Vaults:5 | Killed an ancient lich
 45831 | Vaults:5 | Received a gift from Okawaru
 45835 | Vaults:5 | Reached skill level 18 in Armour
 45861 | Vaults:4 | Killed an ancient lich
 46045 | Vaults:5 | Identified the +3 robe of the Swamp {rC+ Str+4}
 46262 | Vaults:5 | Identified the Handbook of the Freezing Mountains
 46324 | Vaults:5 | Received a gift from Okawaru
 46324 | Vaults:5 | Reached XP level 23. HP: 228/237 MP: 29/29
 46457 | Vaults:5 | Found the +11 plutonium sword {*Contam Stlth-}
 46479 | Vaults:5 | Got a glittering iron ring
 46481 | Vaults:5 | Identified the ring "Feokelim" {Fire Dex+2} (You found it
                  | on level 5 of the Vaults)
 46490 | Vaults:5 | Got a coiled lead ring
 46491 | Vaults:5 | Identified the ring of Jockusin {rC+ Str+3} (You found it
                  | on level 5 of the Vaults)
 46849 | Vaults:5 | Got a silver rune of Zot
 46896 | Vaults:5 | Received a gift from Okawaru
 47108 | Vaults:5 | Reached skill level 19 in Armour
 47246 | Vaults:5 | Gained mutation: You are frail. (-10% HP) [a shining eye]
 47763 | Snake:1  | Killed thesequoiad's ghost
 47782 | Snake:1  | Got a transparent ivory ring
 48220 | Snake:3  | Found a runed translucent gate.
 48220 | Snake:3  | Found a runed translucent gate.
 48220 | Snake:3  | Found a runed translucent gate.
 48221 | Snake:3  | Found an opulent altar of Gozag.
 48497 | Snake:3  | Noticed Tuffe's ghost (adept FoFi)
 48499 | Snake:3  | Found Jediup's Assorted Antiques.
 48531 | Snake:3  | Killed Tuffe's ghost
 48653 | Snake:3  | Bought 2 potions of haste for 440 gold pieces
 48653 | Snake:3  | Bought a scroll of fog for 44 gold pieces
 48653 | Snake:3  | Bought a scroll of identify for 44 gold pieces
 48653 | Snake:3  | Bought a scroll of fear for 77 gold pieces
 48653 | Snake:3  | Bought a scroll of teleportation for 66 gold pieces
 48717 | Snake:4  | Entered Level 4 of the Snake Pit
 49169 | Snake:4  | Got a serpentine rune of Zot
 49266 | Snake:4  | Received a gift from Okawaru
 50257 | Depths:1 | Entered Level 1 of the Depths
 50278 | Depths:1 | Identified the ring "Yricao" {*Tele *Slow rF- Str+4 Int+10}
                  | (You found it on level 1 of the Snake Pit)
 50303 | Depths:1 | Reached skill level 20 in Armour
 50475 | Depths:1 | Reached XP level 24. HP: 225/225 MP: 29/29
 50498 | Depths:1 | Found a gateway to Hell.
 51069 | Depths:2 | Noticed a juggernaut
 51074 | Depths:2 | Received a gift from Okawaru
 51100 | Depths:2 | Killed a juggernaut
 51401 | Depths:2 | Received a gift from Okawaru
 51438 | Depths:2 | Noticed Nikola
 51448 | Depths:2 | Killed Nikola
 51784 | Depths:2 | Found Sulisooc's Antique Armour Shoppe.
 52138 | Depths:3 | Noticed Xtahua
 52143 | Depths:3 | Killed Xtahua
 52172 | Depths:3 | Noticed Margery
 52209 | Depths:3 | Killed Margery
 52321 | Depths:3 | Reached skill level 21 in Armour
 52351 | Depths:3 | Found a one-way gate leading to the halls of Pandemonium.
 52358 | Depths:3 | Noticed the Enchantress
 52404 | Depths:3 | Killed the Enchantress
 52846 | Depths:3 | Found a one-way gate to the infinite horrors of the Abyss.
 52874 | Depths:3 | Received a gift from Okawaru
 52907 | Depths:3 | Got a sheer robe {god gift}
 52918 | Depths:3 | Identified the +0 robe of Sin {rF+++ Int+3 Dex-4} (Okawaru
                  | gifted it to you on level 3 of the Depths)
 53105 | Depths:3 | Reached XP level 25. HP: 192/236 MP: 29/29
 53230 | Depths:3 | Found Aror's Distillery.
 53233 | Depths:3 | Bought a potion of heal wounds for 65 gold pieces
 53233 | Depths:3 | Bought a potion of curing for 39 gold pieces
 53233 | Depths:3 | Bought a potion of haste for 130 gold pieces
 53249 | Depths:3 | Gained mutation: Your magical capacity is low. (-10% MP) [a
                  | shining eye]
 53513 | Depths:3 | Noticed an ancient lich
 53551 | Depths:3 | Gained mutation: You have supernaturally acute eyesight.
                  | (SInv) [a cacodemon]
 53559 | Depths:3 | Killed an ancient lich
 54453 | Depths:4 | Found a shattered altar of Ashenzari.
 54802 | Depths:4 | Noticed Sojobo
 54857 | Depths:4 | Killed Sojobo
 55012 | Depths:5 | Entered Level 5 of the Depths
 55016 | Depths:5 | Received a gift from Okawaru
 55079 | Depths:5 | Found a gate to the Realm of Zot.
 55161 | Depths:5 | Found a gateway to a ziggurat.
 55468 | Depths:5 | Identified the Almanac of Dislocation
 56288 | Crypt:1  | Entered Level 1 of the Crypt
 56471 | Crypt:1  | Received a gift from Okawaru
 57145 | Crypt:2  | Noticed a greater mummy
 57145 | Crypt:2  | Noticed Khufu
 57186 | Crypt:2  | Killed a greater mummy
 57186 | Crypt:2  | Reached XP level 26. HP: 81/250 MP: 20/26
 57221 | Crypt:2  | Killed Khufu
 57247 | Crypt:2  | Received a gift from Okawaru
 57257 | Crypt:2  | Got a smoking morningstar {god gift}
 57258 | Crypt:2  | Identified the +3 morningstar of Qetibut {drain, *Slow
                  | Int+3} (Okawaru gifted it to you on level 2 of the Crypt)
 57836 | Crypt:3  | Entered Level 3 of the Crypt
 58574 | Crypt:3  | Found a staircase to the Tomb.
 58576 | Crypt:3  | Noticed an ancient lich
 58586 | Crypt:3  | Killed an ancient lich
 58586 | Crypt:3  | Received a gift from Okawaru
 58589 | Crypt:3  | Got a twisted dire flail {god gift}
 58590 | Crypt:3  | Identified the +8 dire flail of Mexet {crush, rElec Str-3
                  | Dex+8 Stlth-} (Okawaru gifted it to you on level 3 of the
                  | Crypt)
 58609 | Crypt:3  | Noticed an ancient lich
 58625 | Crypt:3  | Killed an ancient lich
 58765 | Crypt:3  | Got a steaming cloak
 58766 | Crypt:3  | Identified the +4 cloak "Uzoh" {rF- Regen+ rCorr Int-2}
                  | (You found it on level 3 of the Crypt)
 58881 | Crypt:3  | Got a transparent ivory amulet
 58882 | Crypt:3  | Identified the amulet of Joabooch {Spirit *Corrode rPois
                  | Str+2 Dex+3} (You found it on level 3 of the Crypt)
 59047 | Crypt:3  | Reached skill level 22 in Armour
 59065 | Crypt:3  | Identified the Disquisition on the Evil Volcanoes
 59278 | Crypt:3  | Found the +12 Vampire's Tooth {vamp}
 59599 | Tomb:1   | Entered Level 1 of the Tomb of the Ancients
 60453 | Tomb:1   | Received a gift from Okawaru
 60493 | Tomb:1   | Noticed a greater mummy
 60512 | Tomb:1   | Killed a greater mummy
 61289 | Tomb:2   | Noticed a greater mummy
 61289 | Tomb:2   | Noticed a greater mummy
 61292 | Tomb:2   | Noticed a greater mummy
 61292 | Tomb:2   | Noticed a greater mummy
 61295 | Tomb:2   | Noticed Mennas
 61297 | Tomb:2   | Noticed a greater mummy
 61300 | Tomb:2   | Gained mutation: You occasionally shout uncontrollably at
                  | your foes. [a neqoxec]
 61301 | Tomb:2   | HP: 17/367 [something (31)]
 61301 | Tomb:2   | HP: 2/367 [bennu (13)]
 61301 | Tomb:2   | Slain by a bennu

Levels and vault maps discovered:
D:1:      ebering_trefoil_twist, layout_rooms
D:2:      layout_rooms, first_ration, minmay_puff
D:3:      layout_loops_ring, nicolae_dithmenos_shadow_blocks,
          lemuel_coloured_pillars_altar, chequers_ecumenical_altar_island
D:4:      layout_layer_cave, elyvilon_altar_3, serial_shops, shop,
          minmay_misc_feat_iff, uniq_sigmund
D:5:      layout_cave_pools, kennysheep_mini, nicolae_overflow_hidden_temple,
          minmay_temple_entry_mist, uniq_edmund, uniq_menkaure
D:6:      layout_gridville, lemuel_crystal_altar,
          gammafunk_temple_overflow_claw, gammafunk_ghost_grave, uniq_pikel
D:7:      layout_basic, lemuel_doored_altar, serial_shops, nicolae_shop_stone,
          dk_rats_in_the_wall, uniq_prince_ribbit1
D:8:      layout_basic, blue_anna_alchemist [blue_anna_fruit_fields,
          blue_anna_fruit_fields], minmay_mini_ossuary
D:9:      layout_rooms, grunt_temple_overflow_order_and_chaos_2,
          david_lair_shrubbed, serial_shops, kennysheep_little_box
D:10:     layout_small_grid, serial_shops, shop, enter_bailey_3,
          nicolae_water_bricks, minmay_misc_feat_plants
D:11:     layout_loops_corners, gammafunk_ghost_grave, hangedman_feature_mirror
D:12:     layout_long_grid, orc_0_dummy, serial_shops, shop, shop,
          shop_fountains, nicolae_shop_stone
D:13:     layout_basic, david_vaults_5, lemuel_freeze_loot_1
D:14:     layout_stronghold, nicolae_lava_and_water, serial_shops,
          nicolae_shop_behind_doors
D:15:     gammafunk_enter_depths_forms, layout_cave_pools, serial_shops,
          nicolae_shop_stone, nicolae_shop_stone, nicolae_shop_crystal, shop,
          shop
Temple:   jpeg_temple_island
Lair:1:   layout_layer_cave, st_stairs_13, chequers_serial_rivers_small_a,
          infiniplex_staircase_pool_2
Lair:2:   layout_small_grid, nicolae_volcano_entry_vermiform, lemuel_fruit_tree,
          grunt_megastairs_1
Lair:3:   layout_long_grid, minmay_snake_entry_guardpost_medium,
          ebering_ghost_reflecting_pool, columned_hall_lemuel
Lair:4:   layout_long_grid, shoals_dummy_entry, gauntlet_entry_generic,
          chequers_serial_rivers_marsh, ice2_lemuel, uniq_sonja
Lair:5:   layout_cave_pods, dpeg_slime_entry_enclosed_altar,
          hangedman_lair_unloving_vines, small_statue_intersection,
          infiniplex_staircase_pool
Lair:6:   due_jungle_book, layout_small_grid, serial_bayou_crossing,
          serial_bayou_shore_b
Shoals:1: layout_shoals, uniq_jorgrun
Shoals:2: layout_shoals, serial_shops, nicolae_shop_behind_doors,
          gammafunk_ghost_necromancy
Shoals:3: layout_shoals, uniq_ilsuiw, uniq_polyphemus
Shoals:4: shoals_end_grunt_garden, layout_shoals, nicolae_shoals_mertower,
          uniq_aizul
Snake:1:  layout_onion, gammafunk_ghost_berserking_beasts, minmay_shoptagon,
          uniq_kirke
Snake:2:  layout_onion, serial_shops, shop, st_stairs_9, corexii_hall_statues_u
Snake:3:  layout_cave_town, ebering_ghost_gozag
Snake:4:  snake_pit, layout_cave_town
Orc:1:    layout_caves
Orc:2:    grunt_orc_cross, layout_diamond_mine, uniq_erolcha, uniq_urug,
          uniq_donald
Elf:1:    minmay_elf_arrival_summoners, layout_geoelf_diagonals,
          minmay_elf_crystal_hexagon, minmay_shop_star,
          roderic_lattice_octagonal_star
Elf:2:    layout_loops_corners, serial_shops, nicolae_shop_window_shopping,
          shop, shop_statue, shop_scrolls, uniq_azrael
Elf:3:    elf_hall_gauntlet_wide, layout_gridlike, serial_shops, shop
Vaults:1: nicolae_vaults_network_quincunx
          [nicolae_vaults_network_quincunx_subvault,
          nicolae_vaults_network_quincunx_subvault,
          nicolae_vaults_network_quincunx_subvault,
          nicolae_vaults_network_quincunx_subvault,
          nicolae_vaults_network_quincunx_subvault], vaults_mumra_lcd,
          vaults_room_hallway, hangedman_vaults_slice, vaults_dpeg_ring,
          v_misc_1, vaults_dpeg_encased_lava, vaults_standard_mumra_x,
          nicolae_vaults_twisting_passages, st_check, v_misc_9, serial_ice_g,
          serial_ice_m, nicolae_vaults_little_squares_1, v_misc_13,
          layout_vaults_omnicross
Vaults:2: vaults_room_hallway, nicolae_vaults_halls_meeting,
          ontoclasm_vaults_ligature, v_misc_30, vaults_room_grid,
          nicolae_vaults_diagonal_hallway_8, v_alt_pattern_6,
          ontoclasm_vaults_bender, hangedman_vaults_maws, vaults_mumra_hex,
          vaults_standard_mumra_lines, vaults_room_semicircle, v_misc_23,
          layout_vaults_ring, serial_shops, freezing_bzr, uniq_frederick,
          uniq_jory, uniq_asterion
Vaults:3: minmay_crypt_entry_simple_sparse, v_misc_12,
          nicolae_vaults_yaktaur_gun_rack, v_misc_18, v_alt_pattern_6,
          vaults_room_stairs_pillars, nicolae_vaults_little_squares_6,
          hangedman_vaults_cutoff, ontoclasm_vaults_decontamination,
          ontoclasm_vaults_loading_screen, vaults_room_stairs_pillars,
          layout_vaults_quadrants
Vaults:4: hangedman_vaults_hat, nicolae_vaults_border_crossing,
          nicolae_vaults_little_ls, st_cells, vaults_mumra_minichess_inversion,
          layout_vaults_chaotic_city, portal_desolation_entry_ruin,
          serial_shops, nicolae_shop_competitors_out_of_business
Vaults:5: serial_shops
Crypt:1:  layout_chaotic_city, grunt_crypt_arrival_guarded_gate
Crypt:2:  layout_rooms, uniq_khufu
Crypt:3:  quadcrypt_mu
Tomb:1
Tomb:2:   uniq_mennas
Depths:1: layout_basic, hell_entry, hangedman_abyss_or_decor_clamps,
          kennysheep_another_room, minmay_misc_feat_chi, kilobyte_rumbling_trees
Depths:2: minmay_the_grid_square_5x5_4x4_mashed
          [minmay_the_grid_square_5x5_dogpile,
          minmay_the_grid_square_5x5_bracketed, minmay_the_grid_square_5x5_meh,
          minmay_the_grid_square_5x5_hollow_slash,
          minmay_the_grid_square_5x5_broken_cross,
          minmay_the_grid_square_5x5_prize_open,
          minmay_the_grid_square_5x5_prize_open,
          minmay_the_grid_square_5x5_plus, minmay_the_grid_square_5x5_detours,
          minmay_the_grid_square_5x5_prize_waves,
          minmay_the_grid_square_5x5_prize_itemx,
          minmay_the_grid_square_5x5_eight, minmay_the_grid_square_5x5_bite,
          minmay_the_grid_square_5x5_eight_small,
          minmay_the_grid_square_5x5_three,
          minmay_the_grid_square_5x5_almost_minimal], layout_small_grid,
          serial_shops, shop, pf_coc_iceberg, special_room
          [special_room_mythical_zoo], glass_columns_b,
          ebering_dispersal_statue_hall, lemuel_flamethrower_2, uniq_nikola
Depths:3: cheibrodos_cascadia, layout_gridlike, serial_shops,
          nicolae_shop_behind_doors, abyss_entry_small_statue_room,
          grunt_hell_horde, pan_entry, minmay_misc_feat_rows,
          serial_bayou_shore_b, infiniplex_staircase_trident,
          serial_bayou_shore_b, grunt_megastairs_3, uniq_margery,
          uniq_enchantress, uniq_xtahua
Depths:4: cheibrodos_lost_city_excavation, layout_gridlike, serial_aquarium,
          aquarium_bridge_long_joined [aquarium_subvault_bridge,
          aquarium_subvault_wall, aquarium_subvault_bridge,
          aquarium_subvault_bridge, aquarium_subvault_window,
          aquarium_subvault_balcony], aquarium_window_corner, aquarium_window_2,
          aquarium_view_2d, aquarium_pool_double, hell_entry, abyss_entry,
          evilmike_ruin_ashenzari, uniq_sojobo
Depths:5: grunt_zot_entry_tricorne, layout_cave_pools, enter_ziggurat_a,
          grunt_hell_entry_dis_grunt, chequers_serial_rivers_small_3

Skill      XL: |  1  2  3  4  5  6  7  8  9 10 11 12 13 14 15 16 17 18 19 20 21 22 23 24 25 26 |
---------------+-------------------------------------------------------------------------------+-----
Maces & Flails | 2 3 4 6 7 9 10 11 12 13 14 15 16 18 | 18.0
Fighting       | 3 4 5 6 7 8 9 10 11 12 13 14 15 16 17 19 | 19.7
Dodging        | 3 4 5 6 7 8 9 10 11 12 13 14 | 14.4
Armour         | 2 4 6 7 8 9 12 14 16 18 20 21 22 | 22.1
Shields        | 4 6 8 12 14 15 | 15.0
Invocations    | 4 8 10 | 10.0
Stealth        | |  0.7

Action                   |  1- 3 |  4- 6 |  7- 9 | 10-12 | 13-15 | 16-18 | 19-21 | 22-24 | 25-27 || total
-------------------------+-------+-------+-------+-------+-------+-------+-------+-------+-------++-------
Melee: Flail             |   135 |   168 |   152 |       |       |       |       |       |       ||   455
       Whip              |       |       |   372 |   448 |       |       |       |       |       ||   820
       Trident           |       |       |       |   263 |       |       |       |       |       ||   263
       Morningstar       |       |       |       |   258 |   476 |       |       |       |       ||   734
       Great mace        |       |       |       |       |   441 |    58 |       |       |   517 ||  1016
       Giant spiked club |       |       |       |       |   136 |   173 |       |       |       ||   309
       Eveningstar       |       |       |       |       |       |  1515 |  2059 |  2047 |   934 ||  6555
Throw: Dart              |       |       |    14 |    55 |       |       |       |       |       ||    69
       Boomerang         |       |       |       |     4 |       |       |       |       |       ||     4
       Javelin           |       |       |       |     5 |    13 |     4 |       |       |     1 ||    23
Invok: Heroism           |       |       |     1 |    17 |     6 |    21 |     7 |    13 |     9 ||    74
       Finesse           |       |       |       |     5 |       |    20 |     8 |    13 |     9 ||    55
 Abil: Evoke Flight      |       |       |       |     1 |       |       |       |       |       ||     1
  Use: Potion            |       |     1 |       |     3 |    10 |     3 |     2 |       |     8 ||    27
       Scroll            |       |       |    14 |     3 |    22 |    19 |    13 |     4 |     9 ||    84
 Stab: Sleeping          |       |       |     1 |       |       |       |       |       |       ||     1
       Invisible         |       |       |       |     1 |       |       |       |       |       ||     1
       Petrified         |       |       |       |       |     1 |       |       |       |       ||     1
       Distracted        |       |       |       |       |       |       |       |       |     1 ||     1
  Eat: Chunk             |    15 |    20 |    39 |    56 |    83 |   106 |    81 |    67 |    39 ||   506
       Ration            |       |       |     1 |       |     1 |     3 |       |     3 |    11 ||    19
Armor: Robe              |    55 |    60 |   125 |    41 |       |       |       |       |       ||   281
       Gold dragon scale |       |       |       |   503 |   944 |   962 |   933 |   641 |   842 ||  4825
Dodge: Dodged            |    47 |    58 |   111 |   230 |   405 |   378 |   361 |   386 |   420 ||  2396
       Deflected         |       |       |       |     6 |    17 |    90 |    47 |    36 |    13 ||   209
Block: Shield            |    68 |    84 |   162 |   617 |   333 |  1066 |  1195 |       |       ||  3525
       Reflection        |       |       |       |     1 |       |       |       |       |       ||     1
       Large shield      |       |       |       |       |       |       |   590 |  2364 |   804 ||  3758
